 Dungeon Crawl Stone Soup version 0.31-a0-246-g8cbcc1cb85 (webtiles) character file.

Game seed: 17472787885142338306

38 qw the Shooter (level 3, -1/21 HPs)
             Began as a Gargoyle Hexslinger on July 12, 2023.
             Slain by a goblin
             ... wielding a +0 club
             ... led by Robin
              (5 damage)
             ... on level 2 of the Dungeon.
             The game lasted 00:00:24 (1062 turns).

qw the Shooter (Gargoyle Hexslinger)                Turns: 1062, Time: 00:00:25

Health: -1/21      AC:  9    Str: 11    XL:     3   Next: 43%
Magic:  4/4        EV: 10    Int: 13    God:
Gold:   86         SH:  0    Dex: 14    Spells: 3/4 levels left

rFire   . . .        Y - +1 sling
rCold   . . .        (no shield)
rNeg    + . .        e - +0 ring mail
rPois   inf          (no helmet)
rElec   +            (no cloak)
rCorr   .            (no gloves)
SInv    .            h - +0 pair of boots
Will    .....        (no amulet)
Stlth   +            (no ring)
HPRegen 0.23/turn    (no ring)
MPRegen 0.09/turn

%: no passive effects
@: no status effects
A: sickness immunity, AC +3, negative energy resistance 1, electricity
resistance, torment resistance 1, petrification resistance
a: no special abilities


You were on level 2 of the Dungeon.
You visited 1 branch of the dungeon, and saw 2 of its levels.

You collected 86 gold pieces.


Innate Abilities, Weirdness & Mutations

You are immune to sickness and miasma.
Your stone body is resilient. (AC +3)
You are immune to poison.
You resist negative energy. (rN+)
You are resistant to electric shocks. (rElec)
You are resistant to unholy torment.
You are immune to petrification.


   Skills:
 - Level 2.0 Fighting
 + Level 3.1 Ranged Weapons
 - Level 1.0 Armour
 - Level 1.5 Dodging
 - Level 1.0 Spellcasting
 - Level 2.6 Hexes


You had 3 spell levels left.
You knew the following spells:

 Your Spells              Type           Power      Damage    Failure   Level
a - Slow                  Hex            28%        N/A       22%         1

Your spell library contained the following spells:

 Spells                   Type           Power      Damage    Failure   Level
 Inner Flame              Hex/Fire       4%         N/A       75%         3
 Portal Projectile        Hex/Tloc       8%         N/A       75%         3
 Cause Fear               Hex            3%         N/A       91%         4

Inventory:

Hand Weapons
 Y - a +1 sling (weapon)
Armour
 e - a +0 ring mail (worn)
 h - a +0 pair of boots (worn)
Potions
 a - a potion of mutation {unknown}
 b - a potion of might {unknown}
 f - a potion of curing
 i - a potion of lignification {unknown}
 k - a potion of resistance {unknown}
 l - a potion of brilliance {unknown}

Dungeon Overview and Level Annotations

Branches:
Dungeon (2/15)

Altars:

Annotations:
D:2 Robin


Message History

You kill the goblin!
The goblin closely misses you. x2; The jackal closely misses you.
The goblin hits you with a +0 club. The goblin hits you but does no damage.
Your Armour skill increases to level 1!
You shoot a sling bullet.
The sling bullet barely misses the jackal.
The sling bullet hits the jackal.
You kill the jackal!
The jackal bites you but does no damage.
The goblin hits you but does no damage. x2
The jackal bites you but does no damage.
You shoot a sling bullet. The sling bullet hits the jackal.
The jackal is severely wounded.
The jackal closely misses you.
Robin's horned helmet rattles.
Robin roars a battlecry!
The goblin closely misses you. The goblin barely misses you.
The jackal barely misses you.
You shoot a sling bullet. The sling bullet hits the jackal.
You kill the jackal!
The goblin no longer looks unusually strong.
The goblin closely misses you. The goblin barely misses you.
The jackal bites you but does no damage.
The goblin hits you but does no damage. The goblin hits you with a +0 club.
You shoot a sling bullet.
The sling bullet barely misses the jackal.
The sling bullet hits Robin.
Robin is moderately wounded.
The goblin no longer looks unusually strong. x2
The jackal bites you but does no damage.
Robin hits you but does no damage. The goblin closely misses you.
The goblin hits you with a +0 club.
The jackal bites you but does no damage.
You shoot a sling bullet.
The sling bullet hits the jackal but does no damage.
The jackal closely misses you.
Robin roars a battlecry!
The goblins go into a battle-frenzy!
The goblin hits you but does no damage. The goblin hits you with a +0 club.
You die... .....#.# #....#.# #........# #......### #.....?..# ####.....# #........# .......#+######g.......# ####.........# ..wg... #.........# .ggg

#.........# ##h#
#.........# #@g#
#.........###g##
#.........##..#
#.........##.##
####.........#..#
.[...#######...##
###### ##..###
#>...# ####.#


You could see a worm, Robin, a jackal and 5 goblins.

Vanquished Creatures
  A dart slug (D:1)
  3 endoplasms (D:1)
  A giant cockroach (D:1)
  2 goblins (D:2)
  2 hobgoblins
  11 jackals
  3 bats
  A frilled lizard (D:1)
  4 kobolds
  2 rats
30 creatures vanquished.

Notes
Turn   | Place    | Note
-------+----------+-------------------------------------------
     0 | D:1      | qw the Gargoyle Hexslinger began the quest for the Orb.
     0 | D:1      | Reached XP level 1. HP: 12/12 MP: 2/2
     0 | D:1      | 0 ||| qw: Version: 0.3-a-52-g30416fa
     0 | D:1      | 0 ||| qw: Game counter: 6414
     0 | D:1      | 0 ||| qw: Melee chars always use a shield: true
     0 | D:1      | 0 ||| qw: God list: Okawaru
     0 | D:1      | 0 ||| qw: Allow faded altars: false
     0 | D:1      | 0 ||| qw: Do Orc after clearing Dungeon:15 true
     0 | D:1      | 0 ||| qw: Do second Lair branch before Depths: true
     0 | D:1      | 0 ||| qw: Lair rune preference: random
     0 | D:1      | 0 ||| qw: Goals: Normal
     0 | D:1      | 0 ||| PLANNING D:1-11
    80 | D:1      | HP: 3/12 [jackal (2)]
   255 | D:1      | Reached XP level 2. HP: 16/16 MP: 3/3
   365 | D:1      | Reached skill level 3 in Ranged Weapons
   457 | D:1      | HP: 4/17 [kobold/+0 dagger (1)]
   458 | D:1      | Reached XP level 3. HP: 6/21 MP: 4/4
   557 | D:1      | You fall into a shaft and drop 1 floor!
   707 | D:2      | 707 ||| UPGRADING to +0 ring mail.
   717 | D:2      | 717 ||| DROPPING +0 robe.
   718 | D:2      | 718 ||| UPGRADING to +0 pair of boots.
   723 | D:2      | 723 ||| READING scroll labelled IRO WOVIAF.
   737 | D:2      | 737 ||| READING scroll labelled LOPNU JINOYN.
   738 | D:2      | 738 ||| READING 2 scrolls labelled WEDINO TOIZO.
   739 | D:2      | 739 ||| DRINKING 2 puce potions.
   740 | D:2      | 740 ||| DROPPING scroll of poison.
   741 | D:2      | 741 ||| DROPPING scroll of immolation.
  1047 | D:2      | Noticed Robin
  1048 | D:2      | 1048 ||| Stepping ~*~*~tactically~*~*~ (outnumbered).
  1058 | D:2      | Reached skill level 1 in Armour
  1061 | D:2      | HP: 4/21 [goblin/+0 club[Robin] (3)]
  1062 | D:2      | Slain by a goblin

Levels and vault maps discovered:
D:1:      erik_arrival_cave_to_civilisation [erik_arrival_cave_to_hall],
          layout_basic
D:2:      layout_basic, uniq_robin

Skill      XL: |  1  2  3 |
---------------+----------+-----
Ranged Weapons | 3 |  3.1
Fighting       | 2 |  2.0
Armour         | 1 |  1.0
Dodging        | |  1.5
Spellcasting   | |  1.0
Hexes          | |  2.6

Action                     || total
---------------------------++-------
   Fire: Sling             ||   107
    Use: Scroll            ||     3
         Potion            ||     1
 Armour: Robe              ||    35
         Ring mail         ||    28
  Dodge: Dodged            ||    84

Table legend:
 A = Non-vault XP
 B = Vault XP
 C = Vault XP percentage of total XP
 D = Non-vault monster count
 E = Vault monster count
 F = Vault count percentage of total count
                 A         B        C        D         E       F
            +---------+---------+-------+---------+---------+-------
      Total |      48 |       7 |  12.7 |      26 |       4 |  13.3
            +---------+---------+-------+---------+---------+-------
        D:1 |      34 |       3 |   8.1 |      18 |       2 |  10.0
        D:2 |      14 |       4 |  22.2 |       8 |       2 |  20.0
            +---------+---------+-------+---------+---------+-------
